 Dungeon Crawl Stone Soup version 0.18-a0-943-g2c08dd4 (webtiles) character file.

54 igor the Sneak (level 3, -2/18 HPs)
             Began as a Spriggan Enchanter on Dec 28, 2015.
             Slain by a worm (11 damage)
             ... on level 2 of the Dungeon.
             The game lasted 00:08:31 (1701 turns).

igor the Sneak (Spriggan Enchanter)                 Turns: 1701, Time: 00:08:32

Health: -2/18      AC:  3    Str:  4    XL:     3   Next: 66%
Magic:  7/8        EV: 19    Int: 16    God:
Gold:   105        SH:  0    Dex: 17    Spells: 1 memorised, 7 levels left

rFire  . . .     SeeInvis +     a - +1 dagger
rCold  . . .     Gourm    .     b - +1 robe
rNeg   . . .     Faith    .     (shield restricted)
rPois  .         Spirit   .     (helmet restricted)
rElec  .         Dismiss  .     (no cloak)
rCorr  .         Reflect  .     (gloves unavailable)
SustAt .         Harm     .     (boots unavailable)
MR     .....                    (no amulet)
Stlth  +++.......               (no ring)
                                (no ring)

@: very quick, not resistant to hostile enchantments, fairly stealthy
A: unfitting armour, see invisible, herbivore 3, speed 3, slow metabolism 2
a: no special abilities


You were on level 2 of the Dungeon.
You were not hungry.

You visited 1 branch of the dungeon, and saw 2 of its levels.

You collected 105 gold pieces.

Inventory:

Hand Weapons
 a - a +1 dagger (weapon)
Armour
 b - a +1 robe (worn)
Scrolls
 e - a scroll of identify {unknown}
 g - 4 scrolls of amnesia
 j - a scroll of magic mapping {unknown}
Potions
 f - a potion of flight {unknown}
 h - a potion of might {unknown}
 i - a potion of brilliance {unknown}
Books
 c - a book of Maledictions

   Spells                             Type                      Level
   a - Corona                         Hexes                        1
   b - Ensorcelled Hibernation        Hexes/Ice                    2
   c - Confuse                        Hexes                        3
   d - Tukima's Dance                 Hexes                        3
   e - Dazzling Spray                 Conjuration/Hexes            3
Comestibles
 d - 2 bread rations
 k - 3 fruits


   Skills:
 + Level 1.0 Fighting
 + Level 1.7 Short Blades
 * Level 3.7 Dodging
 + Level 5.3 Stealth
 + Level 3.1 Spellcasting
 + Level 3.8 Hexes


You had 7 spell levels left.
You knew the following spells:

 Your Spells              Type           Power        Failure   Level  Hunger
a - Corona                Hex            ##.....      4%          1    #......


Dungeon Overview and Level Annotations

Branches:
Dungeon (2/15)

Altars:
Qazlal


Innate Abilities, Weirdness & Mutations

You are tiny and cannot use many weapons and most armour.
You have supernaturally acute eyesight.
You are a herbivore.
You cover ground extremely quickly.
You need consume almost no food.


Message History

The worm is moderately wounded.
The worm bites you!
You hit the worm but do no damage.
The worm is moderately wounded.
Casting: Corona
Confirm with . or Enter, or press ? or * to list all spells.
Aiming: Corona
Press: ? - help, Shift-Dir - straight line, f - worm
Aim: a worm (moderately wounded, chance to defeat MR: 60%)
The worm is outlined in light.
The worm completely misses you.
You hit the worm.
The worm is heavily wounded.
The worm closely misses you.
You hit the worm.
The worm is severely wounded.
You hit the worm.
The worm is severely wounded.
The worm bites you!
Ouch! That really hurt!
You die...

#........÷#......'...'
#.#####.###..#####...#
#..)>....# #...#
#.#.#....# #...#
#.#†..##.# #...# .
#....#.# #†..#
#####<####.#########
#.........>.........
#..@..............##
#.w.........#####.##
#.###.###...# #.#.
#.#....§#...# #.##
#.#.....#...# #.#.
#...._....### #.#.
###.....### #.#.
#§...§# #.#. ###.###
#.##


You could see a worm.

Vanquished Creatures
  An adder (D:2)
  An ooze (D:1)
  A worm (D:2)
  3 goblins (D:1)
  6 hobgoblins
  4 jackals (D:1)
  2 kobolds (D:1)
  A quokka (D:2)
  5 bats
  3 giant cockroaches
  4 giant newts
  5 rats
36 creatures vanquished.

Notes
Turn   | Place    | Note
--------------------------------------------------------------
     0 | D:1      | igor the Spriggan Enchanter began the quest for the Orb.
     0 | D:1      | Reached XP level 1. HP: 9/9 MP: 5/5
   256 | D:1      | Reached XP level 2. HP: 13/13 MP: 6/6
   340 | D:1      | Reached skill level 5 in Stealth
   952 | D:2      | Reached XP level 3. HP: 17/17 MP: 8/8
  1430 | D:2      | Reached skill level 1 in Fighting
  1534 | D:2      | Found a stormy altar of Qazlal.
  1701 | D:2      | Slain by a worm

Vault maps used:
D:1:      lightli_arrival_flooded_house
D:2:      grunt_qazlal_clouds

Action                   || total
-------------------------++-------
Melee: Dagger            ||   164
 Cast: Corona            ||     4
  Use: Scroll            ||     4
 Stab: Sleeping          ||     8
